 Dungeon Crawl Stone Soup version 0.28-a0-503-g83f2989fac (webtiles) character file.

Game seed: 123668140922638766

48710 Dabor the Unseen (level 14, -37/70 HPs)
             Began as a Spriggan Enchanter on Sept 20, 2021.
             Was an Elder of Dithmenos.
             Killed from afar by Aizul (50 damage)
             ... with a bolt of poison
             ... on level 1 of the Snake Pit.
             The game lasted 01:08:05 (16976 turns).

Dabor the Unseen (Spriggan Enchanter)              Turns: 16976, Time: 01:08:06

Health: -37/70     AC:  8    Str: 10    XL:     14   Next: 13%
Magic:  25/29      EV: 29    Int: 18    God:    Dithmenos [****..]
Gold:   854        SH:  0    Dex: 19    Spells: 17/33 levels left

rFire   . . .      SeeInvis +   n - +8 dagger (elec)
rCold   . . .      Faith    .   (shield restricted)
rNeg    . . .      Spirit   .   m - +2 robe {Archmagi}
rPois   .          Reflect  .   (helmet restricted)
rElec   .          Harm     +   D - scarf {harm}
rCorr   .          Rampage  .   (gloves unavailable)
Will    ++...      Archmagi +   (boots unavailable)
Stlth   ++++++++++              p - amulet of regeneration
HPRegen 1.21/turn               M - +4 ring of protection
MPRegen 0.21/turn               W - +6 ring of strength

@: lethally poisoned (-37 -> -49), very slightly contaminated, slowed, wreathed
by umbra, quick
A: very small, no large weapons, unfitting armour, see invisible, speed 3
a: Renounce Religion, Shadow Step


You were on level 1 of the Snake Pit.
You worshipped Dithmenos.
Dithmenos was greatly pleased with you.
You visited 3 branches of the dungeon, and saw 14 of its levels.
You also visited: Bailey.

You collected 854 gold pieces.

Inventory:

Hand Weapons
 n - a +8 dagger of electrocution (weapon)
 E - a +4 rapier of freezing
Missiles
 L - 10 curare-tipped darts
 N - 6 atropa-tipped darts
Armour
 b - +0 steam dragon scales
 m - a +2 robe of the Archmagi (worn)
 D - a scarf of harm (worn)
 Q - a +0 cloak
Jewellery
 p - an amulet of regeneration (around neck)
 q - a ring of resist corrosion
 A - a ring of flight
 J - an amulet of magic regeneration
 M - a +4 ring of protection (left hand)
 W - a +6 ring of strength (right hand)
Wands
 c - a wand of charming (7)
 h - a wand of flame (41)
 r - a wand of polymorph (28)
 v - a wand of acid (1)
 y - a wand of digging (6)
 O - a wand of iceblast (30)
 P - a wand of mindburst (9)
Scrolls
 a - a scroll of fog
 d - a scroll of summoning
 f - 5 scrolls of teleportation
 g - 2 scrolls of identify
 j - 2 scrolls of immolation
 t - a scroll of vulnerability
 G - 2 scrolls of amnesia
 H - a scroll of silence
 T - 5 scrolls of enchant armour
 U - 4 scrolls of enchant weapon
 V - a scroll of magic mapping
 X - a scroll of acquirement {unknown}
 Y - a scroll of fear
 Z - a scroll of holy word {unknown}
Potions
 e - a potion of brilliance {unknown}
 i - a potion of flight
 s - 2 potions of lignification
 u - a potion of resistance
 w - 3 potions of might
 x - a potion of curing
 z - 2 potions of magic {unknown}
 C - a potion of degeneration
 F - 2 potions of berserk rage {unknown}
 I - 4 potions of cancellation {unknown}
 K - 4 potions of heal wounds {unknown}
 R - a potion of invisibility
 S - a potion of haste {unknown}


   Skills:
 - Level 6.2 Fighting
 * Level 12.0 Short Blades
 * Level 14.7 Dodging
 * Level 15.9 Stealth
 + Level 10.2 Spellcasting
 * Level 11.1 Hexes
 - Level 1.5 Ice Magic
 + Level 3.4 Invocations
 - Level 5.0 Evocations


You had 17 spell levels left.
You knew the following spells:

 Your Spells              Type           Power      Damage    Failure   Level
a - Ensorcelled Hibernat  Hex/Ice        94%        N/A       1%          2
b - Tukima's Dance        Hex            65%        N/A       1%          3
c - Confusing Touch       Hex            65%        N/A       1%          3
d - Invisibility          Hex            32%        N/A       13%         6
e - Passwall              Tmut/Erth      10%        N/A       12%         2

Your spell library contained the following spells:

 Spells                   Type           Power      Damage    Failure   Level
 Dazzling Flash           Conj/Hex       86%        N/A       2%          3
 Shock                    Conj/Air       52%        1d6       8%          1
 Sublimation of Blood     Necr           6%         N/A       12%         2
 Summon Mana Viper        Hex/Summ       43%        N/A       22%         5
 Stone Arrow              Conj/Erth      26%        3d8       24%         3
 Swiftness                Air            13%        N/A       24%         3
 Summon Ice Beast         Ice/Summ       17%        N/A       50%         4
 Airstrike                Air            6%         N/A       61%         4
 Animate Armour           Summ/Erth      26%        N/A       61%         4
 Petrify                  Tmut/Erth      13%        N/A       61%         4
 Irradiate                Conj/Tmut      6%         3d15      91%         5
 Discord                  Hex            32%        N/A       99%         8
 Conjure Ball Lightning   Conj/Air       6%         3x3d6     100%        6
 Monstrous Menagerie      Summ           6%         N/A       100%        7
 Disjunction              Tloc           6%         N/A       100%        8
 Lehudib's Crystal Spear  Conj/Erth      6%         10d3      100%        8


Dungeon Overview and Level Annotations

Branches:
Dungeon (11/15)            Temple (0/1) D:7            Lair (2/6) D:11
 Shoals (0/4) Lair:2        Snake (1/4) Lair:2          Orc (0/2) D:9
 Bailey (visited)

Altars:
Dithmenos
Nemelex Xobeh
Ru
Sif Muna
The Shining One

Shops:
D:9 (   Snake:1 (

Annotations:
Snake:1 Aizul


Innate Abilities, Weirdness & Mutations

You are very small and have problems with some larger weapons.
You are too small for most types of armour.
You have supernaturally acute eyesight. (SInv)
You cover ground extremely quickly. (Speed+++)


Message History

You feel a surge of power!
You miscast Invisibility.
You are very lightly contaminated with residual magic.
Magic surges out from your body.
You feel yourself slow down.
Press: ? - help, v - describe, . - travel
Here: Aizul The floor.
Unknown command.
Aizul coils herself and waves her upper body at you.
The bolt of poison hits you!!
You are poisoned.
You feel very sick. Aizul casts a spell at you. You resist with some effort.
You feel very sick.
You feel very sick. Aizul casts a spell at you. You resist with some effort.
Press: ? - help, v - describe, . - travel
Here: Aizul The floor.
You feel sick.
You feel sick.
Things that are here:
a +3 ring mail; a salamander corpse You feel sick.
You feel sick.
Aizul yawns, and then pretends she didn't.
You feel sick.
You feel sick. Aizul casts a spell at you. The bolt of poison hits you!!
You are more poisoned.
* * * LOW HITPOINT WARNING * * *
You emit a cloud of dark smoke.
You feel better.
Aizul coils herself and waves her upper body at you.
The bolt of poison hits you!!!
You are poisoned.
Ouch! That really hurt!
You die...

#.## #####...).......
...### .......##.......
...... ##.†.........
......# ###.........###
####...##.####..S...)..###
####....# #.##....)....###
###.....###
##.§....[..####
#....########..§§§...###
..)######.....§§@#####
...####[......§###
......)........##
................#
#...............#
##......###.....# .
######### ##....## #.. .##
#.....####...... ..####
#...#..#........


You could see Aizul.

Vanquished Creatures
  Harold (D:11)
  2 hydras (D:11)
  A boulder beetle (D:10)
  Erica (D:11)
  5 naga warriors
  3 two-headed ogres
  2 shock serpents (Snake:1)
  Sonja (D:11)
  4 orc knights (Bailey)
  A mana viper (Snake:1)
  2 manticores
  A salamander (Snake:1)
  4 black mambas (Snake:1)
  Joseph (D:10)
  7 cane toads
  5 komodo dragons
  A rime drake (Lair:2)
  A troll (D:10)
  2 hornets (D:8)
  A polar bear (Lair:1)
  A wind drake (Lair:2)
  8 blink frogs (Lair:2)
  Grinder (D:3)
  Sigmund (D:2)
  A dancing weapon (Bailey)
  The ghost of Zarri the Ruffian, an amateur TrMo (D:4)
  27 yaks
  A wraith (D:11)
  3 wyverns
  2 steam dragons
  A basilisk (Lair:2)
  Eustachio (D:4)
  7 nagas
  6 water moccasins
  Duvessa (D:5)
  7 black bears
  2 ice beasts
  13 orc warriors
  A sky beast (D:4)
  A necrophage (D:6)
  2 centaurs (D:6)
  4 ogres
  3 lemures
  A phantom (D:7)
  2 kobold brigands
  Blork the orc (D:4)
  8 bullfrogs
  3 scorpions
  A water moccasin zombie (D:3)
  A wyvern zombie (D:7)
  Dowan (D:5)
  A water moccasin skeleton (D:5)
  A wyvern skeleton (D:5)
  8 killer bees
  3 wights (D:9)
  6 howler monkeys
  A bullfrog zombie (D:7)
  2 centaur zombies
  2 jellies
  A gnoll shaman (D:8)
  A hound (D:7)
  An orc priest (D:11)
  A bullfrog skeleton (D:5)
  Jessica (D:3)
  3 iguanas
  Ijyb (D:4)
  Terence (D:2)
  3 orc wizards (D:11)
  A howler monkey zombie (D:6)
  Robin (D:3)
  3 gnolls (D:8)
  2 howler monkey skeletons
  7 adders
  5 white imps
  An ufetubus (D:5)
  An adder zombie (D:5)
  4 worms
  A dart slug (D:2)
  23 orcs
  6 bats
  4 endoplasms
  A giant cockroach (D:3)
  20 goblins
  8 hobgoblins
  8 jackals
  16 kobolds
  6 quokkas
  3 ball pythons
  2 frilled lizards
  6 rats
  A butterfly (Lair:1)
326 creatures vanquished.

Vanquished Creatures (collateral kills)
  3 naga sharpshooters (Snake:1)
  Pikel (D:5)
  2 nagas (Snake:1)
  4 orc warriors (Bailey)
  An orc wizard (D:9)
  A gnoll (D:8)
  17 orcs
  3 goblins (D:4)
  A kobold (D:3)
33 creatures vanquished.

Vanquished Creatures (others)
  18 dancing weapons
  A fungus (D:11)
  4 plants
23 creatures vanquished.

Grand Total: 382 creatures vanquished

Notes
Turn   | Place    | Note
-------+----------+-------------------------------------------
     0 | D:1      | Dabor the Spriggan Enchanter began the quest for the Orb.
     0 | D:1      | Reached XP level 1. HP: 9/9 MP: 5/5
  1050 | D:1      | Reached XP level 2. HP: 13/13 MP: 6/6
  1053 | D:1      | Learned a level 2 spell: Ensorcelled Hibernation
  1627 | D:1      | Found a faded altar of an unknown god.
  2237 | D:2      | Reached XP level 3. HP: 16/16 MP: 8/8
  2479 | D:2      | Reached skill level 5 in Stealth
  2909 | D:2      | Reached XP level 4. HP: 21/21 MP: 4/9
  3148 | D:2      | Noticed Sigmund
  3174 | D:1      | Learned a level 3 spell: Tukima's Dance
  3178 | D:1      | Learned a level 3 spell: Confusing Touch
  3196 | D:2      | Killed Sigmund
  3197 | D:2      | Reached skill level 1 in Fighting
  3197 | D:2      | Reached skill level 1 in Ice Magic
  3197 | D:2      | Reached XP level 5. HP: 17/25 MP: 1/11
  3403 | D:3      | Noticed Terence
  3404 | D:3      | Noticed Jessica
  3421 | D:2      | Killed Terence
  3422 | D:2      | Reached skill level 6 in Stealth
  3422 | D:2      | Reached XP level 6. HP: 24/30 MP: 4/12
  3551 | D:3      | Killed Jessica
  3618 | D:3      | Noticed Robin
  3650 | D:3      | Killed Robin
  3898 | D:3      | You fall into a shaft and drop 2 floors!
  3898 | D:5      | Entered Level 5 of the Dungeon
  3955 | D:4      | Noticed Blork the orc
  3960 | D:4      | Killed Blork the orc
  3961 | D:4      | Reached skill level 5 in Dodging
  3974 | D:4      | Reached XP level 7. HP: 33/33 MP: 3/14
  4077 | D:3      | Noticed Grinder
  4098 | D:3      | Killed Grinder
  4099 | D:3      | Reached skill level 7 in Stealth
  4427 | D:4      | Reached skill level 5 in Hexes
  4739 | D:4      | Found a sparkling altar of Nemelex Xobeh.
  4739 | D:4      | Found a glowing golden altar of the Shining One.
  4783 | D:4      | Noticed Ijyb
  4815 | D:4      | Killed Ijyb
  4816 | D:4      | Reached XP level 8. HP: 22/39 MP: 5/15
  5004 | D:4      | Found a shimmering blue altar of Sif Muna.
  5045 | D:4      | Found a runed translucent door.
  5045 | D:4      | Noticed Zarri's ghost (amateur TrMo)
  5068 | D:4      | Killed Zarri's ghost
  5069 | D:4      | Reached skill level 8 in Stealth
  5176 | D:5      | Noticed Dowan
  5177 | D:5      | Noticed Duvessa
  5179 | D:5      | Reached skill level 5 in Short Blades
  5184 | D:5      | Killed Duvessa
  5283 | D:5      | Killed Dowan
  5284 | D:5      | Reached skill level 5 in Spellcasting
  5461 | D:5      | Noticed Pikel
  5577 | D:5      | Noticed Eustachio
  5597 | D:5      | Killed Pikel
  5598 | D:5      | Reached skill level 9 in Stealth
  5598 | D:5      | Reached XP level 9. HP: 29/43 MP: 12/18
  5697 | D:4      | Killed Eustachio
  5888 | D:5      | Found a shadowy altar of Dithmenos.
  5933 | D:5      | Became a worshipper of Dithmenos the Shadowed
  6255 | D:6      | Reached skill level 10 in Stealth
  6483 | D:6      | Noticed a komodo dragon
  6501 | D:6      | Killed a komodo dragon
  6612 | D:6      | Noticed a manticore
  6946 | D:6      | Killed a manticore
  6947 | D:6      | Reached skill level 11 in Stealth
  7150 | D:6      | Reached XP level 10. HP: 49/49 MP: 17/20
  7928 | D:7      | Reached * piety under Dithmenos
  8038 | D:7      | Found a staircase to the Ecumenical Temple.
  8832 | D:8      | Reached skill level 1 in Evocations
  9249 | D:8      | Reached ** piety under Dithmenos
  9535 | D:8      | Reached skill level 10 in Dodging
  9551 | D:8      | Identified the +0 leather armour of Forking Paths {Str+4
                  | Int+3}
 10014 | D:9      | Reached skill level 12 in Stealth
 10173 | D:9      | Found Hidoinga's Antique Weapon Emporium.
 10175 | D:9      | Noticed a two-headed ogre
 10197 | D:9      | Killed a two-headed ogre
 10416 | D:9      | Found a staircase to the Orcish Mines.
 10440 | D:9      | Identified the +0 robe of Wuediczi {rElec Str+6}
 10476 | D:9      | Reached XP level 11. HP: 47/54 MP: 4/22
 10491 | D:9      | Reached *** piety under Dithmenos
 10773 | D:9      | Identified the +5 war axe "Timacofe" {spect, rN+}
 10916 | D:10     | Entered Level 10 of the Dungeon
 11227 | D:10     | Noticed Joseph
 11254 | D:10     | Reached skill level 13 in Stealth
 11441 | D:10     | Killed Joseph
 11843 | D:10     | Noticed a boulder beetle
 11848 | D:10     | Killed a boulder beetle
 12144 | D:11     | Noticed Sonja
 12149 | D:11     | Killed Sonja
 12186 | D:11     | Noticed a five-headed hydra
 12192 | D:11     | Killed a five-headed hydra
 12359 | D:11     | Noticed a two-headed ogre
 12362 | D:11     | Killed a two-headed ogre
 12367 | D:11     | Noticed Harold
 12378 | D:11     | Killed Harold
 12379 | D:11     | Reached skill level 5 in Fighting
 12399 | D:11     | Found a sacrificial altar of Ru.
 12410 | D:11     | Noticed Erica
 12416 | D:11     | Killed Erica
 12650 | D:11     | Noticed a two-headed ogre
 12670 | D:11     | Killed a two-headed ogre
 12671 | D:11     | Reached skill level 14 in Stealth
 12671 | D:11     | Reached skill level 5 in Evocations
 12671 | D:11     | Reached XP level 12. HP: 60/60 MP: 14/25
 12674 | D:11     | Reached **** piety under Dithmenos
 12675 | D:11     | Reached skill level 10 in Short Blades
 12952 | D:11     | Found a flagged portal.
 12964 | Bailey   | Entered a bailey
 13306 | Bailey   | Reached XP level 13. HP: 65/65 MP: 25/27
 13585 | Bailey   | Reached ***** piety under Dithmenos
 13907 | D:11     | Found a staircase to the Lair.
 14029 | Lair:1   | Entered Level 1 of the Lair of Beasts
 14189 | Lair:1   | Reached skill level 1 in Invocations
 14445 | Lair:1   | Learned a level 6 spell: Invisibility
 14448 | Lair:1   | Learned a level 2 spell: Passwall
 14512 | Lair:1   | Reached skill level 10 in Hexes
 14931 | Lair:2   | Reached skill level 15 in Stealth
 14931 | Lair:2   | Found a staircase to the Snake Pit.
 15223 | Lair:2   | Found a staircase to the Shoals.
 15666 | Snake:1  | Entered Level 1 of the Snake Pit
 15676 | Snake:1  | Found Puosued's Antique Weapon Shop.
 15744 | Lair:2   | Reached skill level 10 in Spellcasting
 16006 | Snake:1  | Found Zuiffu's Distillery.
 16352 | Snake:1  | Reached XP level 14. HP: 70/70 MP: 29/29
 16903 | Snake:1  | Noticed Aizul
 16975 | Snake:1  | HP: 3/70 [Aizul/bolt of poison (34)]
 16976 | Snake:1  | Killed from afar by Aizul

Illustrated notes

Levels and vault maps discovered:
D:1:      psy_arrival_radial02, layout_basic, basic_ecumenical_altar
D:2:      layout_basic, minmay_fractal_squares_5, uniq_sigmund
D:3:      layout_basic, uniq_terence, uniq_grinder, uniq_jessica, uniq_robin
D:4:      kennysheep_the_goblin_king, layout_rooms,
          gammafunk_temple_overflow_elements, led_sif_pool,
          gammafunk_ghost_grave, uniq_blork_the_orc
D:5:      layout_cave_pools, nicolae_dithmenos_shadow_blocks, uniq_pikel,
          uniq_duvessa, uniq_eustachio
D:6:      minmay_opposing_rooms, layout_basic, minmay_strange_pillars
D:7:      layout_gridville, minmay_temple_entry_nine_rooms, dk_noncrumbling_4,
          minmay_diced_spiral
D:8:      layout_basic, grunt_decor_junction, minmay_fountain_box
D:9:      layout_rooms, david_orc_3, serial_shops, nicolae_stop_n_shop_1,
          chequers_serial_rivers_micro_a
D:10:     layout_stronghold, moated_statue, nzn_sisyphean_effort, uniq_joseph
D:11:     layout_grid_maze, grunt_lair_entry_orc_guard_hut, enter_bailey_4,
          nicolae_ru_sacrificial_ziggurat, uniq_sonja, uniq_harold, uniq_erica
Lair:1:   layout_roguey, st_stairs_10, grunt_megastairs_5, lemuel_fruit_fields,
          lemuel_fruit_fields
Lair:2:   layout_long_grid, minmay_shoals_entry_beasts,
          guppyfry_snake_entry_garden
Snake:1:  layout_cave_pods, serial_shops,
          nicolae_shop_temple_entry_statues_fountains, minmay_shop_star,
          uniq_aizul

Skill      XL: |  1  2  3  4  5  6  7  8  9 10 11 12 13 14 |
---------------+-------------------------------------------+-----
Dodging        | 3 4 5 6 7 9 10 12 13 14 | 14.7
Spellcasting   | 3 4 5 6 7 8 9 10 | 10.2
Stealth        | 5 6 7 9 11 12 14 15 | 15.9
Short Blades   | 2 3 4 5 7 8 9 10 11 12 | 12.0
Hexes          | 4 5 6 7 8 9 10 11 | 11.1
Fighting       | 1 2 3 4 5 6 |  6.2
Ice Magic      | 1 |  1.5
Evocations     | 2 5 |  5.0
Invocations    | 3 |  3.4

Action                   |  1- 3 |  4- 6 |  7- 9 | 10-12 | 13-15 || total
-------------------------+-------+-------+-------+-------+-------++-------
Melee: Dagger            |   195 |    91 |   111 |   144 |   150 ||   691
       Rapier            |       |       |   102 |   102 |       ||   204
 Cast: Ensorcelled Hiber |    32 |    20 |    60 |    82 |    48 ||   242
       Tukima's Dance    |       |     1 |     7 |    43 |    45 ||    96
       Confusing Touch   |       |     2 |     4 |     4 |     1 ||    11
       Invisibility      |       |       |       |       |     3 ||     3
Evoke: Wand              |       |       |       |     1 |       ||     1
  Use: Scroll            |       |       |     1 |    21 |     1 ||    23
       Potion            |       |       |     1 |     1 |     2 ||     4
 Stab: Sleeping          |    18 |    16 |    37 |    61 |    57 ||   189
       Distracted        |     1 |     1 |     1 |       |       ||     3
       Confused          |       |     2 |     6 |     3 |     2 ||    13
       Invisible         |       |       |       |       |     2 ||     2
Armor: Robe              |    25 |    11 |    17 |    23 |     2 ||    78
Dodge: Dodged            |   156 |    49 |   156 |   191 |   113 ||   665

Table legend: (Time is in decaauts)
 A = Elapsed time spent in this place.
 B = Non-inter-level travel time spent in this place.
 C = Inter-level travel time spent in this place.
 D = Time resting spent in this place.
 E = Time spent auto-exploring this place.
 F = Levels seen in this place.
 G = Mean time per level.
                   A        B        C        D        E       F      G
               +--------+--------+--------+--------+--------+-----+--------+
         Total |  13149 |  12570 |    579 |   2535 |   6705 |  15 |  876.6 |
       Dungeon |  10264 |   9731 |    533 |   1711 |   5636 |  11 |  933.1 |
          Lair |   1291 |   1248 |     43 |    265 |    639 |   2 |  645.5 |
     Snake Pit |    845 |    844 |      1 |    254 |    211 |   1 |  845.0 |
        Bailey |    747 |    747 |      0 |    305 |    218 |   1 |  747.0 |
               +--------+--------+--------+--------+--------+-----+--------+

Top non-repeatable levels by time:
     D:1: 2161 daAuts
     D:8: 1170 daAuts
     D:6: 1106 daAuts
 Snake:1: 845 daAuts
    D:10: 836 daAuts
     D:2: 782 daAuts
    D:11: 762 daAuts
  Bailey: 747 daAuts
  Lair:2: 736 daAuts
     D:7: 729 daAuts
     D:4: 713 daAuts
     D:9: 710 daAuts
     D:5: 699 daAuts
     D:3: 591 daAuts
  Lair:1: 555 daAuts
